Semilg, neutral male human Healer | `#@f j...| # | `## - ------------- # |..........<..-## |.............| |.............| --------------- Semilg the Empiric Experience level: 3 Strength: 11 Dexterity: 12 Constitution: 14 Intelligence: 10 Wisdom: 16 Charisma: 16 Health: 0(22) Energy: 24(24) Def: 3 Gold: 2459 Moves: 1683 Dungeon seed: tUrDwkCT-J1dijcV Game ID: Semilg_1552924193 Your Inventory: Coins $ - 2459 gold pieces Weapons a - an uncursed +0 scalpel (weapon in hand) Armor e - an uncursed +1 pair of leather gloves (being worn) n - an uncursed +0 orcish helm (being worn) Comestibles q - 2 uncursed food rations O - an uncursed cream pie Scrolls s - an uncursed scroll of charging t - an uncursed scroll of water w - an uncursed scroll of destroy armor Spellbooks i - a blessed spellbook of healing j - a blessed spellbook of extra healing k - a blessed spellbook of stone to flesh Potions c - 3 uncursed potions of healing d - a blessed potion of healing f - a blessed potion of extra healing g - 3 uncursed potions of extra healing A - an uncursed potion of gain energy P - an uncursed potion of confusion Wands h - an uncursed wand of sleep (0:7) F - an uncursed wand of enlightenment (0:12) Tools b - an uncursed stethoscope Spells and supernatural/magical abilities: Name Level Category Fail Memory h - healing 1 healing 24% 92% x - extra healing 3 healing 46% 92% S - stone to flesh 3 healing 60% 92% W - pray for help -- divine ? -- Your skills at the end: Miscellaneous Skills wands [Basic] Weapon Skills knife [Basic] Spellcasting Skills healing spells [Basic] Final Attributes: You were devoutly aligned. You were poison resistant. You were stealthy. You are dead. Vanquished creatures: a hobbit a gecko 4 jackals a fox 2 kobolds 4 newts a goblin 8 grid bugs 5 lichens 27 creatures vanquished. Voluntary challenges: You did not adorn yourself with jewelry or accessories. You did not cause conflict. You were not invisible. You did not have reflection. You were not displaced. You were an atheist. You used a wielded weapon 53 times, starting on turn 1. You did not use tools. You did not use plumbed fixtures. You did not drink any magical draughts. You were illiterate. You never genocided any monsters. You never polymorphed an object. You never changed form. You used no wishes. You never split a pudding. You never wrote Elbereth's name. You never violated your personal moral code. Dungeon overview: The Dungeons of Doom: levels 1 to 5 Level 1 an altar to Athena a long staircase Level 2 an armor shop, an altar to Athena, a fountain stairs to The Gnomish Mines Level 3 a fountain Level 4 a fountain Level 5 <- You were here The Gnomish Mines: Level 3 stairs to The Dungeons of Doom History has recorded: On T:1 you entered the Dungeons of Doom to retrieve the Amulet of Yendor! On T:221 you reached level 2 of The Dungeons of Doom. On T:526 you advanced to experience level 2. On T:533 you reached level 1 of The Gnomish Mines. On T:683 you reached level 3 of The Dungeons of Doom. On T:891 you reached level 4 of The Dungeons of Doom. On T:1096 you advanced to experience level 3. On T:1393 you reached level 5 of The Dungeons of Doom. Score breakdown: Gold: 517 ( 51 points) Experience: 3 levels ( 200 points) Exploration: 5 levels ( 120 points) Discoveries: 7 items ( 350 points) Variety of kills: 9 monsters ( 450 points) Major goal: (nothing yet) ( 0 points) Survival: died (score multiplied by 3) Total score: 3513 Latest messages: You hack something. (2x) You slash something. Something touches you! You hack something. You miss it. (2x) You hack something. Something touches you! You hack something. You miss it. You hack something. You miss it. Tigger bites! You hack Tigger. Tigger is lightly wounded. Tigger bites! You slash Tigger. Tigger is moderately wounded. Tigger bites! (2x) You hack Tigger. Tigger is moderately wounded. Tigger bites! You die... Final status: Goodbye Semilg the Healer, killed by a kitten called "Tigger"... You died in The Dungeons of Doom on dungeon level 5 with 3513 points, and 2459 pieces of gold, after 1683 moves. You were level 3 with a maximum of 22 hit points when you died.